 Dungeon Crawl Stone Soup version 0.31.0-9-g3a7656b989 (webtiles) character file.

Game seed: 11588730899044673957

555899 TheRegalBeagle the Conqueror (level 26, -2/314 HPs)
             Began as an Oni Monk on Jan 23, 2024.
             Was an Initiate of Gozag.
             Killed from afar by an orb of fire (31 damage)
             ... with a fireball
             ... on level 5 of the Realm of Zot on Jan 25, 2024.
             The game lasted 03:58:09 (74004 turns).

TheRegalBeagle the Conqueror (Oni Monk)            Turns: 74004, Time: 03:58:11

Health: -2/314     AC: 15    Str: 28    XL:     26   Next: 47%
Magic:  36/36      EV: 25    Int: 16    God:    Gozag
Gold:   5384       SH:  0    Dex: 23    Spells: 18/53 levels left

rFire   + + .        m - +9 giant spiked club (freeze)
rCold   + + .        (shield currently unavailable)
rNeg    . . .        b - +4 skin of Zhor {*Englaciate rC+++ SInv}
rPois   +            s - +2 hat of Yredelemnul's Favour {rF+}
rElec   +            K - +2 cloak {rPois}
rCorr   .            (gloves unavailable)
SInv    +            (boots unavailable)
Will    +++..        a - amulet of Ashenzari's Hatred {Acrobat Dex+8}
Stlth   ++           O - ring "Ikoisof" {Will+ AC+4 Int+3 Dex+4}
HPRegen 0.72/turn    S - ring of Untruth {Fire *Slow rElec rPois}
MPRegen 0.25/turn

%: slow self (1%), acrobat
@: studying 2 skills
A: large, unfitting armour, horns 1, tough skin 1, double potion healing,
drunken brawling, deformed body, low MP 1, screaming 2
}: 3/15 runes: serpentine, barnacled, silver
a: Renounce Religion, Potion Petition, Call Merchant, Bribe Branch


You were on level 5 of the Realm of Zot.
You worshipped Gozag.
Gozag was greatly pleased with you.
You visited 10 branches of the dungeon, and saw 47 of its levels.
You also visited: Bailey, Gauntlet, Ice Cave and Desolation.

You collected 30543 gold pieces.
You spent 8529 gold pieces at shops.
You paid 16630 gold pieces to Gozag.

Inventory:

Hand Weapons
 m - a +9 giant spiked club of freezing (weapon)
 C - the +9 whip "Yssosch" {venom, Str+4}
   (You found it on level 6 of the Dungeon)

   Str+4:     It affects your strength (+4).
 V - the +3 great mace of the Shifting Saviour {freeze, ^Fragile rElec rCorr Int+3}
   (You bought it in a shop on level 2 of the Orcish Mines)

   Int+3:     It affects your intelligence (+3).
   rElec:     It insulates you from electricity.
   rCorr:     It protects you from acid and corrosion.
   ^Fragile:  It will be destroyed if unequipped.
Missiles
 c - 97 large rocks
 J - 2 throwing nets
Armour
 b - the +4 skin of Zhor (worn) {*Englaciate rC+++ SInv}
   (You bought it in a shop on level 2 of the Orcish Mines)

   *Englaciate: It radiates cold, occasionally slowing all nearby creatures who
   are not resistant to cold.
   rC+++:     It renders you almost immune to cold.
   SInv:      It lets you see invisible.
 s - the +2 hat of Yredelemnul's Favour (worn) {rF+}
   (You found it on level 1 of the Vaults)

   rF+:       It protects you from fire.
 K - a +2 cloak of poison resistance (worn)
Jewellery
 a - the amulet of Ashenzari's Hatred (around neck) {Acrobat Dex+8}
   (You bought it in a shop on level 2 of the Orcish Mines)

   [amulet of the acrobat]

   Acrobat:   It increases your evasion while moving and waiting.
   Dex+8:     It affects your dexterity (+8).
 p - a ring of flight
 w - the amulet of Nuachyn {RegenMP ^Drain Str+3 Int+3}
   (You found it in a Gauntlet)

   [amulet of magic regeneration]

   RegenMP:   It increases your rate of magic regeneration.
   Str+3:     It affects your strength (+3).
   Int+3:     It affects your intelligence (+3).
   ^Drain:    It drains your maximum health when unequipped.
 x - the ring of Diyfemao {Ice rElec}
   (You found it on level 1 of the Vaults)

   [ring of ice]

   Ice:       It enhances your ice magic.
   rF-:       It makes you vulnerable to fire.
   rC+:       It protects you from cold.
   rElec:     It insulates you from electricity.
 A - a ring of positive energy
 I - a ring of resist corrosion
 O - the ring "Ikoisof" (left hand) {Will+ AC+4 Int+3 Dex+4}
   (You acquired it on level 10 of the Dungeon)

   [ring of protection]

   AC+4:      It affects your AC (+4).
   Int+3:     It affects your intelligence (+3).
   Dex+4:     It affects your dexterity (+4).
   Will+:     It increases your willpower.
 S - the ring of Untruth (right hand) {Fire *Slow rElec rPois}
   (You found it in the Desolation of Salt)

   [ring of fire]

   Fire:      It enhances your fire magic.
   rF+:       It protects you from fire.
   rC-:       It makes you vulnerable to cold.
   rElec:     It insulates you from electricity.
   rPois:     It protects you from poison *Slow: It may slow you when you take
   damage.
 W - a ring of protection from fire
 Y - the ring "Kiolif" {Fly rN+++ Int+6 Dex-2 Stlth+}
   (You took it off a servant of whispers in the Desolation of Salt)

   [ring of intelligence]

   Int+6:     It affects your intelligence (+6).
   Dex-2:     It affects your dexterity (-2).
   rN+++:     It renders you almost immune to negative energy.
   Fly:       It grants you flight.
   Stlth+:    It makes you more stealthy.
Wands
 y - a wand of iceblast (21)
 T - a wand of mindburst (24)
 U - a wand of polymorph (13)
Scrolls
 e - 8 scrolls of blinking
 g - 8 scrolls of amnesia
 i - 5 scrolls of brand weapon
 t - a scroll of revelation
 u - 8 scrolls of enchant armour
 B - 14 scrolls of teleportation
 G - 4 scrolls of vulnerability
 L - 14 scrolls of fog
 M - 15 scrolls of fear
 N - 2 scrolls of summoning
 P - 7 scrolls of immolation
Potions
 d - a potion of ambrosia
 f - 7 potions of mutation
 h - a potion of heal wounds
 j - 9 potions of lignification
 k - 10 potions of brilliance
 n - 5 potions of might
 o - 9 potions of enlightenment
 r - 5 potions of attraction
 v - 4 potions of cancellation
 z - 4 potions of magic
 D - 19 potions of curing
 F - 2 potions of invisibility
 Q - 4 potions of haste
 R - 4 potions of resistance
 X - 6 potions of berserk rage
Miscellaneous
 l - a phantom mirror
 q - a lightning rod (4/4)
 E - a phial of floods
 Z - a sack of spiders


   Skills:
 O Level 27 Fighting
 - Level 22.0 Maces & Flails
 - Level 6.1 Armour
 * Level 18.9 Dodging
 - Level 14.0 Spellcasting
 - Level 12.4 Conjurations
 - Level 11.2 Summonings
 - Level 21.8 Fire Magic


You had 18 spell levels left.
You knew the following spells:

 Your Spells              Type           Power      Damage    Failure   Level
a - Call Imp              Summ           94%        N/A       1%          2
b - Summon Blazeheart Go  Fire/Summ      77%        N/A       1%          4
c - Summon Hydra          Summ           23%        N/A       45%         7
d - Fire Storm            Conj/Fire      39%        8d10      99%         9
e - Fireball              Conj/Fire      39%        3d16      1%          5
f - Ignition              Fire           44%        3d13      4%          8

Your spell library contained the following spells:

 Spells                   Type           Power      Damage    Failure   Level
 Scorch                   Fire           100%       2d9       0%          2
 Kiss of Death            Conj/Necr      100%       2d13      1%          1
 Magic Dart               Conj           100%       1d8       1%          1
 Shock                    Conj/Air       100%       1d9       1%          1
 Sting                    Conj/Alch      100%       1d9       1%          1
 Summon Small Mammal      Summ           100%       N/A       1%          1
 Searing Ray              Conj           100%       2d8       1%          2
 Call Canine Familiar     Summ           47%        N/A       1%          3
 Dazzling Flash           Conj/Hex       62%        N/A       1%          3
 Hailstorm                Conj/Ice       31%        3d8       1%          3
 Inner Flame              Hex/Fire       62%        N/A       1%          3
 Summon Ice Beast         Ice/Summ       29%        N/A       1%          3
 Flame Wave               Conj/Fire      78%        2d17      1%          4
 Ignite Poison            Fire/Alch      62%        N/A       1%          4
 Iskenderun's Battlesphe  Conj           50%        2d10      1%          5
 Mephitic Cloud           Conj/Alch/Air  24%        N/A       3%          3
 Brom's Barrelling Bould  Conj/Erth      31%        2d5       4%          4
 Fulminant Prism          Conj/Alch      15%        3d10      4%          4
 Apportation              Tloc           22%        N/A       6%          1
 Freeze                   Ice            44%        1d6       6%          1
 Necrotise                Necr           44%        1d6       6%          1
 Slow                     Hex            44%        N/A       6%          1
 Martyr's Knell           Necr/Summ      29%        N/A       6%          4
 Blink                    Tloc           22%        N/A       9%          2
 Cigotuvi's Dreadful Rot  Necr/Alch/Air  22%        N/A       9%          2
 Ensorcelled Hibernation  Hex/Ice        22%        N/A       9%          2
 Lesser Beckoning         Tloc           22%        N/A       9%          2
 Sublimation of Blood     Necr           11%        N/A       9%          2
 Summon Cactus Giant      Summ           23%        N/A       10%         6
 Irradiate                Conj/Alch      15%        3d16      13%         5
 Summon Mana Viper        Hex/Summ       29%        N/A       17%         5
 Confusing Touch          Hex            11%        N/A       19%         3
 Frozen Ramparts          Ice            22%        1d4       19%         3
 Fugue of the Fallen      Necr           11%        N/A       19%         3
 Gell's Gravitas          Tloc           11%        N/A       19%         3
 Ozocubu's Armour         Ice            11%        N/A       19%         3
 Sigil of Binding         Hex            11%        N/A       19%         3
 Swiftness                Air            11%        N/A       19%         3
 Teleport Other           Tloc           11%        N/A       19%         3
 Vampiric Draining        Necr           11%        2d6       19%         3
 Freezing Cloud           Conj/Ice/Air   12%        6-21      30%         5
 Orb of Destruction       Conj           25%        9d9       30%         7
 Spellforged Servitor     Conj/Summ      24%        N/A       36%         7
 Monstrous Menagerie      Summ           23%        N/A       45%         7
 Airstrike                Air            5%         2d(1-17)  52%         4
 Anguish                  Hex/Necr       5%         N/A       52%         4
 Cause Fear               Hex            5%         N/A       52%         4
 Dispel Undead            Necr           11%        3d9       52%         4
 Manifold Assault         Tloc           11%        N/A       52%         4
 Conjure Ball Lightning   Conj/Air       15%        3x3d6     58%         6
 Borgnjor's Vile Clutch   Necr/Erth      5%         N/A       86%         5
 Curse of Agony           Necr           11%        N/A       86%         5
 Metabolic Englaciation   Hex/Ice        5%         N/A       86%         5
 Silence                  Hex/Air        5%         N/A       86%         5
 Haunt                    Necr/Summ      14%        N/A       99%         7
 Malign Gateway           Summ/Tloc      14%        N/A       99%         7
 Death Channel            Necr           5%         N/A       100%        6
 Sculpt Simulacrum        Ice/Alch       5%         N/A       100%        6
 Borgnjor's Revivificati  Necr           5%         N/A       100%        8
 Discord                  Hex            5%         N/A       100%        8
 Disjunction              Tloc           5%         N/A       100%        8
 Infestation              Necr           5%         N/A       100%        8
 Lehudib's Crystal Spear  Conj/Erth      15%        10d5      100%        8
 Chain Lightning          Conj/Air       15%        3d20      100%        9
 Death's Door             Necr           5%         N/A       100%        9
 Dragon's Call            Summ           23%        N/A       100%        9
 Shatter                  Erth           5%         3d8*      100%        9
 Animate Dead             Necr           Unusable   N/A       N/A         4

Dungeon Overview and Level Annotations

Branches:
Dungeon (15/15)            Temple (1/1) D:6            Lair (5/5) D:10
 Shoals (4/4) Lair:2        Snake (4/4) Lair:2        Slime (0/5) Lair:4
    Orc (2/2) D:10            Elf (2/3) Orc:2        Vaults (5/5) D:14
  Crypt (0/3) Vaults:3     Depths (4/4) D:15            Zot (5/5) Depths:4
 Bailey (visited)           IceCv (visited)         Desolation (visited)
Gauntlet (visited)

Altars:
Ashenzari
Cheibriados
Dithmenos
Elyvilon
Fedhas
Gozag
Hepliaklqana
Kikubaaqudgha
Makhleb
Okawaru
Qazlal
Ru
Sif Muna
Trog
Uskayaw
Vehumet
Wu Jian
Xom
Yredelemnul
Zin
The Shining One
Jiyva

Shops:
D:4 (   D:5 (   D:9 *   D:15 :   Orc:1 *   Orc:2 *?*=([   Elf:1 **[   Elf:2 [
Shoals:4 (::!=   Vaults:2 :[(   Vaults:4 ?   Vaults:5 :   Depths:1 (:

Portals:
Hell: Depths:1 Depths:2 Depths:3 Depths:4
Abyss: Depths:3
Pandemonium: Orc:2 Depths:2
Ziggurat: Depths:2
Trove: D:15 (give 15 potions of curing)

Annotations:
D:6 1 runed translucent door, ProzacElf's ghost, novice HOMo
D:7 Jeremiah; Joseph
Depths:1 exclusion: orange crystal statue
Depths:2 exclusion: 2 orange crystal statues
Zot:5 exclusion: obsidian statue


Innate Abilities, Weirdness & Mutations

You are too large for most types of armour.
You have a pair of small horns on your head.
You have tough skin. (AC +1)
You gain doubled healing and magic from potions.
Whenever you drink a healing potion, you attack all around you.
Armour fits poorly on your strangely shaped body.
Your magical capacity is low. (-10% MP)
You frequently scream uncontrollably at your foes.


Message History

The orb of fire is severely damaged.
The wandering mushroom is no longer distracted by gold.
You miss the orb of fire.
You headbutt the orb of fire, but do no damage.
The orb of fire is severely damaged.
The orb of fire emits a lurid red light.
The bolt of fire hits you!! You resist.
* * * LOW HITPOINT WARNING * * *
You take a swig of the potion and twirl your +9 giant spiked club of freezing.
You impale the orb of fire!! You freeze the orb of fire.
The orb of fire is almost destroyed.
You savour every drop.
You feel better.
The orb of fire glows bright magenta.
The bolt of fire hits you. You resist.
* * * LOW HITPOINT WARNING * * *
You completely miss the orb of fire.
The orb of fire is almost destroyed.
You radiate an aura of cold.
The orb of fire is unaffected.
The wandering mushroom seems to slow down.
The black draconian resists.
The yellow draconian seems to slow down.
The black draconian seems to slow down.
The curse toe is unaffected.
The black draconian is no longer distracted by gold.
The black draconian breathes lightning at you.
The bolt of lightning hits the orb of fire.
The orb of fire completely resists.
The bolt of lightning hits you! You resist.
* * * LOW HITPOINT WARNING * * *
The bolt of lightning hits you. You resist.
* * * LOW HITPOINT WARNING * * *
The bolt of lightning hits the orb of fire.
The orb of fire completely resists.
The orb of fire glows bright magenta.
The bolt of fire misses you.
You miss the orb of fire.
You headbutt the orb of fire, but do no damage.
The orb of fire is almost destroyed.
The orb of fire emits a lurid red light.
The fireball explodes!
The fireball engulfs you!! You resist.
You die...
Your body crumbles into a pile of gold.

#..°.......<.$...
#..z....<........
#...⌠..☼.⌠.......
#.....z.#....#...
####.°.###...#...
#☼..## #...#...
####...# ########
#.:.f..# #@######
#*# #d# ##d#
##.d# #..## #.##
#d#
########.########


You could see an orb of fire, 2 draconians, a yellow draconian (slow), a neutral
curse toe (wandering) and a neutral wandering mushroom (summoned, wandering,
slow).

Vanquished Creatures
  A dread lich (Zot:5)
  2 orbs of fire
  Mara (Vaults:4)
  2 ancient liches
  Vv (Zot:1)
  Boris (twice) (Vaults:1 Vaults:2)
  2 Killer Klowns
  Saint Roka (Vaults:1)
  A caustic shrike (Depths:3)
  2 curse toes (Zot:2)
  4 golden dragons
  Nikola (Shoals:4)
  Norris (Depths:3)
  A Tzitzimitl (Depths:2)
  2 hellephants (Depths:4)
  An Orb Guardian (Zot:5)
  Rupert (D:14)
  Zenata (Elf:1)
  14 tentacled monstrosities
  A walking frostbound tome (Depths:1)
  2 liches
  A kraken (Shoals:2)
  5 quicksilver dragons
  A titan (Vaults:5)
  Frances (D:14)
  2 sphinxes
  The ghost of pigah the Metamorph, an adept OpSh of Gozag (Vaults:1)
  3 death cobs
  Polyphemus (Shoals:3)
  11 shadow dragons
  Kirke (D:14)
  10 storm dragons
  The ghost of Ousak the Spry, an adept OpSh of Ru (Snake:3)
  A draconian monk (Zot:2)
  Ilsuiw (Shoals:3)
  5 tengu reavers
  5 frost giants
  Roxanne (Snake:4)
  3 nagarajas (Snake:4)
  2 protean progenitors (Zot:1)
  2 fire giants (Depths:1)
  A deep elf sorcerer (Vaults:5)
  4 draconian knights
  2 iron dragons
  18 vault wardens
  3 draconian scorchers
  A draconian shifter (Zot:1)
  4 spectral juggernauts (Depths:2)
  3 spectral caustic shrikes (Depths:2)
  A draconian stormcaller (Zot:3)
  An imperial myrmidon (Desolation)
  8 orc warlords
  14 ironbound preservers
  A ghoul (Vaults:3)
  3 draconian annihilators
  8 very ugly things
  6 ironbound thunderhulks
  3 deep elf demonologists
  17 stone giants
  A formless jellyfish (Vaults:4)
  7 black draconians
  6 green draconians
  10 dire elephants
  A deep elf annihilator (Vaults:5)
  7 vampire knights
  6 yellow draconians
  3 halazid warlocks (Desolation)
  6 purple draconians
  4 deep elf death magi
  A minotaur (Gauntlet)
  A spectral titan (Depths:2)
  A broodmother (shapeshifter) (Vaults:5)
  2 white draconians
  9 spark wasps
  6 war gargoyles
  2 eidola
  9 red draconians
  10 fire dragons
  13 ettins
  11 merfolk impalers
  8 merfolk javelineers
  2 crystal guardians
  Josephine (Orc:2)
  2 spectral golden dragons (Depths:2)
  2 entropy weavers
  2 jiangshi (Depths:2)
  A spectral sphinx (Depths:2)
  3 great orbs of eyes
  4 ragged hierophants (Desolation)
  14 yaktaur captains
  Fannar (Lair:3)
  6 ice dragons
  2 deep elf high priests (Vaults:5)
  A caustic shrike simulacrum (Depths:2)
  3 ogre magi (D:15)
  2 rakshasas (Depths:1)
  A juggernaut simulacrum (Depths:2)
  4 merfolk avatars
  33 vault guards
  7 spectral tengu (Depths:2)
  2 spriggan air magi (Depths:1)
  3 salamander tyrants
  9 peacekeepers
  A spectral shadow dragon (Depths:2)
  4 hydras
  7 servants of whispers (Desolation)
  A demonspawn (Orc:2)
  A radroach (Zot:1)
  2 spectral fire giants (Depths:2)
  9 ironbound frosthearts
  3 anacondas
  3 merfolk aquamancers
  27 centaur warriors
  2 death knights (D:14)
  A catoblepas (Shoals:3)
  An alligator snapping turtle (Shoals:3)
  2 death scarabs (Gauntlet)
  2 spectral frost giants (Depths:2)
  4 boulder beetles
  A satyr (Shoals:4)
  25 two-headed ogres
  21 dancing weapons
  A demonic crawler (Lair:4)
  10 death yaks
  11 naga warriors
  6 deep troll shamans
  5 vampire magi
  Urug (D:13)
  6 deep troll earth magi
  6 hell hogs (Depths:4)
  6 orc high priests
  2 tengu warriors
  18 naga sharpshooters
  An occultist (D:15)
  3 shock serpents
  A spriggan berserker (Depths:2)
  6 hell knights
  17 deep elf knights
  2 salamander mystics
  A spectral death yak (Gauntlet)
  2 spectral storm dragons (Depths:2)
  3 iron trolls
  4 soul eaters (Depths:2)
  8 skeletal warriors
  A skyshark (shapeshifter) (Vaults:5)
  8 skysharks
  42 deep trolls
  2 flayed ghosts
  2 death drakes (Depths:2)
  7 glowing orange brains
  A sun moth (shapeshifter) (Vaults:5)
  8 deep elf archers
  A spectral iron dragon (Depths:2)
  An obsidian statue (IceCv)
  7 sea snakes
  5 naga ritualists
  A spectral hydra (Gauntlet)
  12 mana vipers
  4 arcanists
  36 orc knights
  5 spriggan simulacra
  7 necromancers
  6 bog bodies (IceCv)
  23 ironbound convokers
  7 phantasmal warriors
  20 deep elf pyromancers
  15 harpies
  An eye of devastation (shapeshifter) (Vaults:5)
  12 deep elf zephyrmancers
  4 spectral spriggans (Depths:2)
  11 lindwurms
  37 ugly things
  4 fauns (Shoals:3)
  2 wolf spiders
  An oklob plant (Lair:5)
  11 orc sorcerers
  22 salamanders
  2 cyclopes
  17 manticores
  6 kobold blastminers
  3 elephants (Lair:4)
  17 moths of wrath
  6 guardian serpents
  2 fire giant skeletons (Depths:2)
  A titan simulacrum (Depths:2)
  13 vault sentinels
  34 black mambas
  9 water nymphs
  6 torpor snails (Lair:5)
  9 merfolk sirens
  2 storm dragon simulacra (Depths:2)
  A frost giant skeleton (Depths:2)
  A molten gargoyle (Vaults:3)
  4 large abominations (Elf:1)
  A gargoyle (D:11)
  22 naga magi
  A human zombie (Vaults:1)
  12 cane toads
  A cane toad (shapeshifter) (Vaults:5)
  7 rime drakes
  4 tengu conjurers
  2 efreet (Zot:4)
  31 yaktaurs
  A rime drake (shapeshifter) (D:15)
  5 komodo dragons
  15 freezing wraiths
  An ice devil (IceCv)
  2 anaconda simulacra (IceCv)
  A spriggan skeleton (Depths:2)
  21 merfolk
  A red devil (Orc:2)
  A hellwing (Orc:2)
  3 spectral glowing shapeshifters (Depths:2)
  2 golden dragon simulacra (IceCv)
  44 saltlings
  2 tengu simulacra
  2 polar bears
  3 alligator simulacra (IceCv)
  10 trolls
  21 blink frogs
  A tarantella (Vaults:4)
  4 tyrant leeches
  9 wind drakes
  2 iron dragon simulacra (Depths:2)
  10 hornets
  A glass eye (Depths:2)
  10 snapping turtles
  9 dream sheep
  A raiju (shapeshifter) (Vaults:5)
  A centaur simulacrum (D:15)
  20 slime creatures
  2 spriggans (Depths:2)
  12 wraiths
  A vampire (D:9)
  A fire bat (shapeshifter) (D:9)
  18 water elementals
  A wyvern (D:9)
  A fire elemental (Elf:1)
  5 dire elephant simulacra (IceCv)
  3 hogs (D:14)
  7 basilisks
  A human (D:14)
  A spectral komodo dragon (Gauntlet)
  A warg (Orc:2)
  79 yaks
  3 steam dragons
  A spectral cane toad (Gauntlet)
  A redback (Vaults:4)
  10 vampire mosquitoes
  2 minotaur simulacra (IceCv)
  6 swamp worms
  Edmund (D:4)
  A harpy simulacrum (IceCv)
  2 acid dragons
  35 nagas
  10 water moccasins
  A hydra simulacrum (IceCv)
  39 orc warriors
  2 ice beasts
  An ettin simulacrum (IceCv)
  A black bear (D:6)
  18 ogres
  4 boggarts
  20 centaurs
  17 wolves
  A human skeleton (Vaults:1)
  4 kobold brigands
  13 bullfrogs
  2 elf zombies (Elf:1)
  3 gnoll sergeants
  An earth elemental (Elf:2)
  2 deep troll simulacra
  5 wights (D:8)
  7 lindwurm simulacra (IceCv)
  11 killer bees
  A nameless horror (Vaults:1)
  A howler monkey (D:9)
  3 electric eels
  2 bombardier beetles (D:4)
  31 orc priests
  3 hounds
  A jelly (D:8)
  2 iguanas
  19 orc wizards
  Natasha (thrice) (D:4)
  5 hell rats (Lair:5)
  20 gnolls
  5 adders
  A shadow imp (D:4)
  A white imp (D:8)
  2 ribbon worms (D:2)
  4 dart slugs
  60 orcs
  8 endoplasms
  3 giant cockroaches
  9 goblins
  12 hobgoblins
  6 jackals
  25 kobolds
  7 quokkas
  6 ball pythons
  5 bats
  3 frilled lizards
  2 rats (D:3)
  An aspiring flesh (Zot:1)
  A tentacle (Shoals:2)
2018 creatures vanquished.

Vanquished Creatures (collateral kills)
  2 dread liches (Zot:5)
  An orb of fire (Zot:5)
  An ancient lich (Zot:5)
  A golden dragon (Zot:5)
  An electric golem (Zot:5)
  2 tentacled monstrosities (Zot:4)
  4 Orb Guardians (Zot:5)
  A death cob (Zot:5)
  A tengu reaver (Depths:4)
  3 storm dragons
  A shadow dragon (Depths:3)
  A protean progenitor (Zot:3)
  A fire giant (Zot:4)
  3 frost giants
  2 draconian stormcallers
  A draconian annihilator (Zot:3)
  A very ugly thing (Depths:3)
  2 green draconians
  2 purple draconians
  2 red draconians (Zot:5)
  2 yellow draconians
  A spark wasp (Depths:3)
  3 ettins
  A fire dragon (Depths:3)
  3 ice dragons
  A shock serpent (Snake:1)
  An iron troll (Zot:4)
  A flayed ghost (Depths:3)
  A naga ritualist (Snake:1)
  A salamander (Snake:1)
  7 moths of wrath
  A black mamba (Snake:1)
  A naga mage (Snake:1)
  A troll (Zot:4)
  A glass eye (Depths:3)
  2 ogres (Zot:4)
  A human simulacrum (Vaults:1)
62 creatures vanquished.

Vanquished Creatures (others)
  A dread lich (Zot:5)
  Xtahua (Depths:3)
  A Killer Klown (Zot:5)
  5 tentacled monstrosities
  8 Orb Guardians (Zot:5)
  A titan (Depths:3)
  A tengu reaver (Depths:3)
  A protean progenitor (Zot:4)
  A draconian knight (Depths:4)
  3 fire giants (Depths:3)
  6 frost giants
  A draconian scorcher (Zot:4)
  4 very ugly things (Depths:3)
  4 stone giants
  A green draconian (Zot:4)
  A white draconian (Zot:3)
  A black draconian (Zot:4)
  3 yellow draconians (Zot:4)
  A purple draconian (Zot:4)
  8 ettins
  An ice dragon (Depths:3)
  4 spriggan air magi
  2 two-headed ogres (Zot:4)
  2 deep troll shamans (Depths:3)
  2 deep troll earth magi (Depths:3)
  A tengu warrior (Depths:3)
  3 hell hogs (Depths:4)
  3 spriggan berserkers (Depths:4)
  10 iron trolls
  11 deep trolls
  A glowing orange brain (Depths:3)
  A lindwurm (Vaults:1)
  A necromancer (Depths:3)
  5 moths of wrath
  3 torpor snails
  An efreet (Zot:4)
  A yaktaur (Vaults:3)
  A merfolk (Shoals:4)
  A water elemental (Depths:4)
  An ogre (Zot:4)
  An orc priest (Orc:2)
  An orc (D:9)
  9 blazeheart cores
  A butterfly (Depths:1)
  3 tentacles (Shoals:2)
123 creatures vanquished.

Grand Total: 2203 creatures vanquished

Notes
Turn   | Place    | Note
-------+----------+-------------------------------------------
     0 | D:1      | TheRegalBeagle the Oni Monk began the quest for the Orb.
     0 | D:1      | Reached XP level 1. HP: 24/24 MP: 1/1
   187 | D:1      | Reached XP level 2. HP: 29/32 MP: 2/2
   517 | D:1      | Reached XP level 3. HP: 32/40 MP: 3/3
  1580 | D:3      | Reached XP level 4. HP: 47/49 MP: 4/4
  1632 | D:3      | Reached skill level 5 in Fighting
  2745 | D:4      | Found Ivuenleat's Antique Weapon Shoppe.
  2774 | D:4      | Reached XP level 5. HP: 19/57 MP: 5/5
  3048 | D:4      | Noticed an ogre
  3050 | D:4      | Noticed Edmund
  3245 | D:4      | Noticed Natasha
  3288 | D:4      | Reached skill level 5 in Maces & Flails
  3376 | D:4      | HP: 3/67 [Edmund/+5 flail of draining (2)]
  3377 | D:4      | Killed Edmund
  3378 | D:4      | Reached skill level 6 in Fighting
  3378 | D:4      | Reached XP level 6. HP: 4/66 MP: 6/6
  3887 | D:4      | Reached XP level 7. HP: 76/76 MP: 7/7
  3999 | D:4      | Killed Natasha
  4000 | D:4      | Reached skill level 7 in Fighting
  4220 | D:4      | Noticed Natasha
  4240 | D:4      | Killed Natasha
  4306 | D:4      | Noticed Natasha
  4312 | D:4      | Killed Natasha
  4378 | D:4      | Found an opulent altar of Gozag.
  4391 | D:4      | Became a worshipper of Gozag Ym Sagoz the Greedy
  4504 | D:5      | Entered Level 5 of the Dungeon
  4504 | D:5      | Found Heaticiv's Hydra Hut.
  4601 | D:5      | Noticed a five-headed hydra
  4997 | D:5      | Identified the +3 falchion of Disintegration {flame, rF-
                  | rN+ rCorr Int+5}
  5093 | D:5      | Found a burning altar of Makhleb.
  5098 | D:5      | Reached XP level 8. HP: 88/88 MP: 8/8
  5108 | D:5      | Reached skill level 8 in Fighting
  5387 | D:6      | Found a runed translucent door.
  5390 | D:6      | Noticed ProzacElf's ghost (novice HOMo)
  5680 | D:6      | Noticed a two-headed ogre
  5690 | D:6      | Killed a two-headed ogre
  5691 | D:6      | Reached skill level 9 in Fighting
  5943 | D:6      | Reached XP level 9. HP: 92/100 MP: 9/9
  6444 | D:7      | Noticed Jeremiah
  6583 | D:7      | Reached skill level 10 in Maces & Flails
  6691 | D:7      | Noticed Joseph
  7221 | D:6      | Found a staircase to the Ecumenical Temple.
  7226 | D:6      | Identified the +9 whip "Yssosch" {venom, Str+4}
  7240 | Temple   | Entered the Ecumenical Temple
  7524 | D:7      | Reached skill level 10 in Fighting
  7769 | D:8      | Noticed a two-headed ogre
  7784 | D:8      | Killed a two-headed ogre
  7969 | D:8      | Reached skill level 11 in Fighting
  8471 | D:8      | Reached XP level 10. HP: 84/112 MP: 10/10
  9294 | D:9      | Bought a runed cloak for 172 gold pieces
  9294 | D:9      | Bought a black potion for 20 gold pieces
  9452 | D:9      | You fall into a shaft and drop 3 floors!
  9556 | D:11     | Noticed a gargoyle
  9560 | D:10     | Entered Level 10 of the Dungeon
  9643 | D:10     | Reached skill level 12 in Fighting
  9678 | D:10     | Found a flagged portal.
  9696 | Bailey   | Entered a bailey
  9701 | Bailey   | Noticed an orc warlord
  9776 | Bailey   | Noticed an orc knight
  9791 | Bailey   | Killed an orc knight
  9792 | Bailey   | Reached skill level 13 in Fighting
  9965 | Bailey   | Found a runed translucent gate.
  9967 | Bailey   | Found a runed translucent gate.
  9968 | Bailey   | Found a runed translucent gate.
 10134 | Bailey   | Killed an orc warlord
 10135 | Bailey   | Reached skill level 14 in Fighting
 10221 | D:10     | Acquired the ring "Ikoisof" {Will+ AC+4 Int+3 Dex+4}
 10437 | D:10     | Found a staircase to the Orcish Mines.
 10438 | D:10     | Found a staircase to the Lair.
 10440 | D:10     | Found an ornate altar of the Wu Jian Council.
 10486 | D:10     | Identified the +0 robe of Veocuko {Regen+ Int+5 Dex+2}
 10557 | D:10     | Noticed a two-headed ogre
 10565 | D:10     | Killed a two-headed ogre
 10566 | D:10     | Reached skill level 15 in Fighting
 10566 | D:10     | Reached XP level 11. HP: 122/133 MP: 11/11
 10622 | D:10     | Reached skill level 16 in Fighting
 10653 | D:10     | Found a glowing silver altar of Zin.
 10903 | D:10     | Found a sacrificial altar of Ru.
 11246 | D:9      | Reached skill level 5 in Dodging
 11358 | D:9      | Reached skill level 17 in Fighting
 11476 | D:9      | Noticed a two-headed ogre
 11487 | D:9      | Killed a two-headed ogre
 11612 | D:9      | Noticed a boulder beetle
 11634 | D:9      | Killed a boulder beetle
 11635 | D:9      | Reached skill level 18 in Fighting
 11830 | D:9      | Reached skill level 19 in Fighting
 11954 | D:9      | Reached XP level 12. HP: 154/154 MP: 12/12
 12263 | D:9      | Found an ancient bone altar of Kikubaaqudgha.
 12264 | D:9      | Found a hide-covered altar of Uskayaw.
 12265 | D:9      | Noticed a boulder beetle
 12277 | D:9      | Killed a boulder beetle
 12278 | D:9      | Reached skill level 20 in Fighting
 12436 | D:11     | Noticed a two-headed ogre
 12448 | D:11     | Killed a two-headed ogre
 12572 | Lair:1   | Entered Level 1 of the Lair of Beasts
 12849 | Lair:1   | Reached skill level 21 in Fighting
 13871 | Lair:2   | Found a staircase to the Snake Pit.
 14090 | Lair:2   | Noticed a death yak
 14092 | Lair:2   | Noticed a death yak
 14168 | Lair:2   | Reached skill level 22 in Fighting
 14194 | Lair:2   | Reached skill level 10 in Dodging
 14194 | Lair:2   | Reached XP level 13. HP: 127/171 MP: 13/13
 14506 | Lair:2   | Found a staircase to the Shoals.
 15771 | Lair:3   | Noticed Fannar
 15791 | Lair:3   | Killed Fannar
 15792 | Lair:3   | Reached skill level 23 in Fighting
 16783 | Lair:4   | Reached XP level 14. HP: 66/187 MP: 14/14
 16948 | Lair:4   | Found a viscous altar of Jiyva.
 16948 | Lair:4   | Found a staircase to the Slime Pits.
 17371 | Lair:5   | Entered Level 5 of the Lair of Beasts
 17548 | Lair:5   | Reached skill level 24 in Fighting
 18213 | Lair:5   | Found a shimmering blue altar of Sif Muna.
 19413 | Orc:1    | Entered Level 1 of the Orcish Mines
 19716 | Orc:1    | Reached skill level 25 in Fighting
 19851 | Orc:1    | Found Lisajemu's CLEARANCE SALE!.
 19884 | Orc:1    | Bought a scroll of teleportation for 12 gold pieces
 19884 | Orc:1    | Bought a scroll of acquirement for 208 gold pieces
 19884 | Orc:1    | Acquired 1279 gold pieces
 20226 | Orc:2    | Entered Level 2 of the Orcish Mines
 20388 | Orc:2    | Found Riargh's Assorted Antiques.
 20395 | Orc:2    | Noticed Josephine
 20415 | Orc:2    | Killed Josephine
 20482 | Orc:2    | Bought a smouldering great mace for 356 gold pieces
 20482 | Orc:2    | Identified the +3 great mace of the Shifting Saviour
                  | {freeze, ^Fragile rElec rCorr Int+3} (You bought it in a
                  | shop on level 2 of the Orcish Mines)
 20704 | Orc:2    | Found a staircase to the Elven Halls.
 20757 | Orc:2    | Reached XP level 15. HP: 201/201 MP: 15/15
 20821 | Orc:2    | Found Extesar's General Store.
 20823 | Orc:2    | Found Rutsauh's Magic Scroll Emporium.
 21468 | Orc:2    | Bought a scroll of brand weapon for 133 gold pieces
 21468 | Orc:2    | Bought a scroll of fear for 56 gold pieces
 21468 | Orc:2    | Bought a scroll of fog for 56 gold pieces
 21468 | Orc:2    | Bought a scroll of fear for 56 gold pieces
 21468 | Orc:2    | Bought a scroll of identify for 28 gold pieces
 21470 | Orc:2    | Bought a scroll of identify for 32 gold pieces
 21562 | Orc:2    | Found Naaneosk's Antique Weapon Shop.
 21562 | Orc:2    | Found Tydubir's Jewellery Boutique.
 21563 | Orc:2    | Found a one-way gate leading to the halls of Pandemonium.
 21658 | Orc:2    | Bought an embroidered cloak for 217 gold pieces
 21976 | Orc:2    | Bought the amulet of Ashenzari's Hatred {Acrobat Dex+8} for
                  | 699 gold pieces
 22019 | Orc:2    | Bought a scroll of enchant weapon for 105 gold pieces
 22019 | Orc:2    | Bought a scroll of enchant weapon for 105 gold pieces
 22019 | Orc:2    | Bought a scroll of enchant weapon for 105 gold pieces
 22154 | D:11     | Found a stormy altar of Qazlal.
 23458 | D:12     | Reached skill level 26 in Fighting
 23527 | D:13     | Noticed Urug
 23544 | D:13     | Killed Urug
 23575 | D:13     | Acquired 716 gold pieces
 23862 | D:13     | Reached skill level 15 in Dodging
 25058 | D:14     | Noticed Rupert
 25079 | D:14     | Killed Rupert
 25442 | D:14     | Found a gate to the Vaults.
 25455 | D:14     | Reached XP level 16. HP: 113/213 MP: 16/16
 25869 | D:14     | Noticed Kirke
 25988 | D:14     | Noticed Frances
 26026 | D:14     | Killed Frances
 26145 | D:15     | Entered Level 15 of the Dungeon
 26193 | D:14     | Killed Kirke
 26208 | D:15     | Found a staircase to the Depths.
 26290 | D:15     | Found a portal to a secret trove of treasure.
 26346 | D:15     | Found a gate leading to a gauntlet.
 26354 | Gauntlet | Entered a Gauntlet
 26354 | Gauntlet | Found a large runed translucent door.
 26354 | Gauntlet | Found a large runed translucent door.
 26354 | Gauntlet | Found a large runed translucent door.
 26354 | Gauntlet | Found a large runed translucent door.
 26354 | Gauntlet | Found a runed translucent door.
 26354 | Gauntlet | Found a large runed translucent door.
 26354 | Gauntlet | Found a large runed translucent door.
 26354 | Gauntlet | Found a transporter.
 26354 | Gauntlet | Found a transporter.
 26354 | Gauntlet | Found a large runed translucent door.
 26354 | Gauntlet | Found a large runed translucent door.
 26354 | Gauntlet | Found a runed translucent gate.
 26354 | Gauntlet | Found a runed translucent gate.
 26354 | Gauntlet | Found a transporter.
 26358 | Gauntlet | Found a transporter.
 26358 | Gauntlet | Found a transporter.
 26374 | Gauntlet | Found a transporter.
 26426 | Gauntlet | Found a runed translucent door.
 26427 | Gauntlet | Found a large runed translucent door.
 26427 | Gauntlet | Found a large runed translucent door.
 26427 | Gauntlet | Found a large runed translucent door.
 26427 | Gauntlet | Found a large runed translucent door.
 26428 | Gauntlet | Found a large runed translucent door.
 26428 | Gauntlet | Found a large runed translucent door.
 26429 | Gauntlet | Found a large runed translucent door.
 26429 | Gauntlet | Found a large runed translucent door.
 26433 | Gauntlet | Found a transporter.
 26438 | Gauntlet | Found a runed translucent gate.
 26446 | Gauntlet | Found a transporter.
 26461 | Gauntlet | Found a transporter.
 26479 | Gauntlet | Found a transporter.
 26494 | Gauntlet | Found a transporter.
 26500 | Gauntlet | Found a transporter.
 26602 | Gauntlet | Identified the amulet of Nuachyn {RegenMP ^Drain Str+3
                  | Int+3}
 26662 | Gauntlet | Identified the +1 cloak of Naonuffe {rPois rF- Slay+4 SInv}
 26769 | Gauntlet | Got the Compendium of Ironbound Kinetic Energy
 27004 | D:15     | Reached skill level 15 in Maces & Flails
 27775 | D:15     | Bought a book of Dangerous Friends for 588 gold pieces
 27946 | Snake:1  | Entered Level 1 of the Snake Pit
 28079 | Orc:2    | Bought the +4 skin of Zhor {*Englaciate rC+++ SInv} for
                  | 1928 gold pieces
 28079 | Orc:2    | Found the +4 skin of Zhor {*Englaciate rC+++ SInv}
 28239 | Snake:1  | Reached XP level 17. HP: 122/222 MP: 0/17
 28264 | Snake:1  | Found a glacial archway.
 28273 | IceCv    | Entered an ice cave
 28925 | IceCv    | Found an ancient bone altar of Kikubaaqudgha.
 29412 | IceCv    | Noticed a lich
 29422 | IceCv    | Killed a lich
 30272 | Snake:2  | Found a snail-covered altar of Cheibriados.
 31498 | Snake:3  | Found a large runed translucent door.
 31498 | Snake:3  | Found a large runed translucent door.
 31618 | Snake:3  | Noticed Ousak's ghost (adept OpSh)
 32917 | Snake:3  | Killed Ousak's ghost
 32954 | Snake:4  | Entered Level 4 of the Snake Pit
 32964 | Snake:4  | Reached XP level 18. HP: 230/232 MP: 18/18
 32967 | Snake:4  | Noticed Roxanne
 32986 | Snake:4  | Killed Roxanne
 34953 | Snake:4  | Got a serpentine rune of Zot
 35895 | Elf:1    | Entered Level 1 of the Elven Halls
 35988 | Shoals:1 | Entered Level 1 of the Shoals
 37480 | Shoals:2 | Reached XP level 19. HP: 192/244 MP: 19/19
 37483 | Shoals:2 | Learned a level 2 spell: Call Imp
 37572 | Shoals:2 | Learned a level 4 spell: Summon Blazeheart Golem
 37598 | Shoals:2 | Learned a level 7 spell: Summon Hydra
 37822 | Shoals:3 | Reached skill level 1 in Spellcasting
 37871 | Shoals:3 | Reached skill level 1 in Summonings
 37947 | Shoals:3 | Noticed Polyphemus
 38106 | Shoals:3 | Killed Polyphemus
 38384 | Shoals:3 | Noticed Ilsuiw
 38395 | Shoals:3 | Killed Ilsuiw
 39454 | Shoals:4 | Entered Level 4 of the Shoals
 39748 | Shoals:4 | Noticed Nikola
 39763 | Shoals:4 | Killed Nikola
 40127 | Shoals:4 | Found Ysionn's Distillery.
 40135 | Shoals:4 | Bought a potion of mutation for 160 gold pieces
 40135 | Shoals:4 | Bought a potion of mutation for 160 gold pieces
 40135 | Shoals:4 | Bought a potion of mutation for 160 gold pieces
 40135 | Shoals:4 | Bought 2 potions of curing for 120 gold pieces
 40135 | Shoals:4 | Bought a potion of ambrosia for 160 gold pieces
 40137 | Shoals:4 | Found Hukicho's Book Boutique.
 40175 | Shoals:4 | Reached skill level 5 in Spellcasting
 40277 | Shoals:4 | Reached skill level 5 in Summonings
 40345 | Shoals:4 | Reached skill level 1 in Fire Magic
 40511 | Shoals:4 | Found Soitz's One-of-a-Kind Rings.
 40533 | Shoals:4 | Found Quompama's Book Emporium.
 40760 | Shoals:4 | Got a barnacled rune of Zot
 40896 | Shoals:4 | Found Xunen's Antique Weapon Emporium.
 41802 | Vaults:1 | Entered Level 1 of the Vaults
 42019 | Vaults:1 | Noticed Boris
 42047 | Vaults:1 | Killed Boris
 42567 | Vaults:1 | Found a runed translucent gate.
 42567 | Vaults:1 | Noticed pigah's ghost (adept OpSh)
 42568 | Vaults:1 | Found a runed translucent gate.
 42568 | Vaults:1 | Found a runed translucent gate.
 42657 | Vaults:1 | Reached XP level 20. HP: 155/254 MP: 18/30
 43277 | Vaults:1 | Noticed Saint Roka
 43316 | Vaults:1 | Killed Saint Roka
 44039 | Vaults:1 | Identified the +5 dire flail "Ogrebane" {flame, Int+3
                  | Stlth+}
 44143 | Vaults:1 | Got the Enchiridion on the Damned
 45051 | Vaults:2 | Noticed Boris
 45061 | Vaults:2 | Killed Boris
 45062 | Vaults:2 | Reached skill level 10 in Summonings
 45163 | Vaults:2 | Bought a shimmering robe for 205 gold pieces
 45163 | Vaults:2 | Identified the +0 robe of Xoinoj {Int+3} (You bought it in
                  | a shop on level 2 of the Vaults)
 45637 | Vaults:1 | Upgraded the game from 0.31.0-7-gf635a9b802 to
                  | 0.31.0-9-g3a7656b989
 45842 | Vaults:1 | Killed pigah's ghost
 46175 | Vaults:1 | Identified the +2 hat of Yredelemnul's Favour {rF+}
 46196 | Vaults:1 | Identified the ring of Diyfemao {Ice rElec}
 46452 | Vaults:2 | Bought a manual of Fire Magic for 1200 gold pieces
 46502 | Vaults:2 | Reached skill level 10 in Spellcasting
 46735 | Orc:2    | Bought a book of Annihilations for 960 gold pieces
 46745 | Orc:2    | Learned a level 9 spell: Fire Storm
 47076 | Vaults:2 | Reached skill level 5 in Fire Magic
 47529 | Vaults:3 | Reached XP level 21. HP: 215/263 MP: 29/35
 47602 | Vaults:3 | Found a crumbling gateway.
 47615 | Desolati | Entered the Desolation of Salt
 48305 | Desolati | Learned a level 5 spell: Fireball
 48333 | Desolati | Identified the +3 falchion "Yseskawa" {heavy, *Corrode
                  | rElec rC+++}
 48421 | Desolati | Identified the ring of Untruth {Fire *Slow rElec rPois}
 48534 | Desolati | Reached skill level 1 in Conjurations
 48542 | Desolati | Identified the +9 lajatang "Tecieruw" {heavy, rC++ Stlth-}
 48542 | Desolati | Identified the ring "Kiolif" {Fly rN+++ Int+6 Dex-2 Stlth+}
 48547 | Desolati | Reached skill level 10 in Fire Magic
 49271 | Vaults:3 | Found a staircase to the Crypt.
 50703 | Vaults:4 | Noticed Mara
 50737 | Vaults:4 | Noticed TheRegalBeagle's illusion
 50741 | Vaults:4 | Killed Mara
 51073 | Vaults:4 | Found Qase's Magic Scroll Shoppe.
 51121 | Vaults:4 | Bought a scroll of revelation for 165 gold pieces
 51121 | Vaults:4 | Bought a scroll of teleportation for 66 gold pieces
 51121 | Vaults:4 | Bought a scroll of fear for 88 gold pieces
 51121 | Vaults:4 | Bought a scroll of summoning for 209 gold pieces
 51389 | Vaults:4 | Reached XP level 22. HP: 247/274 MP: 37/37
 51907 | Vaults:4 | Reached skill level 5 in Conjurations
 52755 | Vaults:5 | Entered Level 5 of the Vaults
 52948 | Vaults:5 | Identified the +11 whip of Distraction {freeze, rC- Will+
                  | rCorr Int+4}
 53179 | Vaults:5 | Noticed an ancient lich
 53186 | Vaults:5 | Killed an ancient lich
 53582 | Vaults:5 | Reached skill level 15 in Fire Magic
 53936 | Vaults:5 | Identified the +10 quarterstaff "Plog" {pain, Int+3 SInv}
 54255 | Vaults:5 | Identified the +3 scimitar of Causality {spect, rElec
                  | rPois}
 54492 | Vaults:5 | Noticed a golden dragon
 54576 | Vaults:5 | Killed a golden dragon
 54813 | Vaults:5 | Identified the ring "Asopp" {MP-9 Str+6 Dex+6}
 54864 | Vaults:5 | Learned a level 8 spell: Ignition
 54987 | Vaults:5 | Got the Volume of Illusion and the Fifth Circle
 55177 | Vaults:5 | Reached XP level 23. HP: 240/283 MP: 36/39
 55460 | Vaults:5 | Identified the +5 spear of Duty {drain, rF+ Str+3}
 55644 | Vaults:5 | Got a silver rune of Zot
 55786 | Vaults:5 | Found Neuxotz's Book Boutique.
 56861 | Elf:1    | Found Lubbotar's Antique Armour Emporium.
 56864 | Elf:1    | Found Idi Ragre's General Store.
 56866 | Elf:1    | Found Tioqalli's Assorted Antiques.
 57045 | Elf:1    | Noticed Zenata
 57058 | Elf:1    | Killed Zenata
 57307 | Elf:1    | Got Amoth's Guidebook on Abhorrent Liturgies
 57844 | Elf:2    | Found Ademn's Armour Shop.
 58075 | Elf:2    | Found a runed translucent gate.
 58076 | Elf:2    | Found a runed translucent gate.
 58076 | Elf:2    | Found a runed translucent gate.
 59408 | Depths:1 | Entered Level 1 of the Depths
 60084 | Depths:1 | Found a gateway to Hell.
 61018 | Depths:1 | Found Nataihiu's Book Shop.
 61018 | Depths:1 | Found Yjam's Antique Weapon Boutique.
 61162 | Depths:1 | Reached XP level 24. HP: 292/292 MP: 39/39
 61320 | Depths:1 | Found a white marble altar of Elyvilon.
 61559 | Depths:1 | You are sucked into a shaft and drop 1 floor!
 61559 | Depths:2 | Found a one-way gateway to a ziggurat.
 65271 | Depths:3 | Noticed Xtahua
 65418 | Depths:3 | Killed Xtahua
 65708 | Depths:3 | Found a one-way gate to the infinite horrors of the Abyss.
 65723 | Depths:3 | Reached skill level 27 in Fighting
 65921 | Depths:3 | Noticed a caustic shrike
 65932 | Depths:3 | Killed a caustic shrike
 66146 | Depths:3 | Noticed Norris
 66158 | Depths:3 | Killed Norris
 66773 | Depths:3 | Reached XP level 25. HP: 304/304 MP: 25/41
 66848 | Depths:4 | Entered Level 4 of the Depths
 66876 | Depths:4 | Identified the +8 war axe "Paotafi" {drain, rN+++ MP+9
                  | Str-3 Int-5}
 66879 | Depths:4 | Identified the ring "Imeub" {Str+6 Dex+5}
 67060 | Depths:4 | Reached skill level 1 in Armour
 67176 | Depths:4 | Found a gate to the Realm of Zot.
 68288 | Zot:1    | Entered Level 1 of the Realm of Zot
 68582 | Zot:1    | Reached skill level 10 in Conjurations
 68843 | Zot:1    | Noticed Vv
 68863 | Zot:1    | Killed Vv
 70828 | Zot:2    | Reached skill level 5 in Armour
 70896 | Zot:2    | Noticed a Killer Klown
 70905 | Zot:2    | Killed a Killer Klown
 71150 | Zot:2    | Identified the +9 flail of Arbitration {freeze, rElec Int+3
                  | SInv}
 71682 | Zot:2    | You fall into a shaft and drop 1 floor!
 72530 | Zot:3    | Identified the +4 mace of Parhyxkeasm {elec, Int+5}
 72661 | Zot:4    | Reached XP level 26. HP: 314/314 MP: 41/41
 72955 | Zot:4    | Noticed an orb of fire
 72962 | Zot:4    | Gained mutation: You occasionally shout uncontrollably at
                  | your foes. [an orb of fire]
 72972 | Zot:4    | Gained mutation: Your magical capacity is low. (-10% MP)
                  | [an orb of fire]
 72974 | Zot:4    | Killed an orb of fire
 73805 | Zot:5    | Entered Level 5 of the Realm of Zot
 73901 | Zot:5    | Noticed an ancient lich
 73905 | Zot:5    | Noticed a dread lich
 73910 | Zot:5    | Killed an ancient lich
 73911 | Zot:5    | Noticed an ancient lich
 73912 | Zot:5    | Noticed a dread lich
 73916 | Zot:5    | Noticed an orb of fire
 73916 | Zot:5    | Noticed a Killer Klown
 73918 | Zot:5    | Noticed a dread lich
 73918 | Zot:5    | Killed a dread lich
 73918 | Zot:5    | Noticed a dread lich
 73919 | Zot:5    | Killed a dread lich
 73921 | Zot:5    | Killed a dread lich
 73925 | Zot:5    | Killed a Killer Klown
 73927 | Zot:5    | Killed an ancient lich
 73930 | Zot:5    | Noticed an ancient lich
 73932 | Zot:5    | Noticed an orb of fire
 73936 | Zot:5    | Noticed an orb of fire
 73936 | Zot:5    | Killed an orb of fire
 73937 | Zot:5    | Noticed an orb of fire
 73940 | Zot:5    | Noticed a Killer Klown
 73957 | Zot:5    | Killed a Killer Klown
 73968 | Zot:5    | Gained mutation: You frequently scream uncontrollably at
                  | your foes. [an orb of fire]
 73979 | Zot:5    | Gained mutation: Armour fits poorly on your strangely
                  | shaped body. [an orb of fire]
 73985 | Zot:5    | Killed a dread lich
 73993 | Zot:5    | Killed an orb of fire
 74004 | Zot:5    | Killed from afar by an orb of fire

Illustrated notes

Levels and vault maps discovered:
D:1:      dpeg_arrival_rooms_with_view, layout_loops_cross,
          chequers_serial_rivers_micro_a, dk_noncrumbling_2, minmay_pentomino_v4
D:2:      layout_basic, hangedman_abyss_or_decor_stabs, grunt_ministairs_10
D:3:      layout_basic, minmay_misc_feat_square
D:4:      layout_loops_ring, serial_shops, shop, minmay_ruined_shrine,
          uniq_natasha, uniq_edmund
D:5:      layout_cave_pods, makhleb_heckhound_becter, doesnt_shop_hydraphobe
D:6:      layout_basic, minmay_temple_entry_tees, ebering_ghost_sewer_d
D:7:      layout_cave_pools, nemelex_dance_club_becter, serial_shops,
          shop_scrolls, moated_statue, uniq_jeremiah, uniq_joseph
D:8:      layout_gridville
D:9:      minmay_imperfect_grid, layout_irregular_city,
          gammafunk_temple_overflow_pools, dreamdust_deal_with_the_devil
D:10:     layout_basic, nzn_wu_jian_council_hall, kennysheep_little_box,
          zin_treasury, lair_entry_dummy, enter_bailey_4
D:11:     nicolae_cairo_tiling_very_big, layout_basic, st_stairs_9, minivault_4,
          grunt_qazlal_clouds
D:12:     layout_roguey, mrwooster_statue_mirror
D:13:     layout_layer_cave, uniq_urug
D:14:     layout_small_grid, grunt_vaults_entry_fortified,
          kennysheep_decorative_pillar, uniq_rupert, uniq_kirke, uniq_frances
D:15:     hangedman_depths_entry_civil_slaughter, layout_loops_ring,
          gauntlet_entry_generic, enter_trove_6, st_stairs_8, grunt_decor_cap
Temple:   nicolae_temple_no_exploring_needed
Lair:1:   layout_hall_layers, minmay_holes, beast_lair_carwin_11
Lair:2:   layout_layer_cave, elwin_shoals_entry_rooms,
          guppyfry_snake_entry_garden, minmay_hedge_maze
Lair:3:   layout_cave_shapes, serial_forest, infiniplex_forest_lined_2,
          infiniplex_forest_lined_3, infiniplex_forest_lined_3,
          infiniplex_forest_zigzag_2, infiniplex_forest_lined_2,
          infiniplex_forest_end_2, infiniplex_forest_clump_small,
          infiniplex_forest_clump_tiny, lemuel_fruit_fields, uniq_fannar
Lair:4:   layout_concentric_octagons, dpeg_slime_entry_enclosed, worms_lemuel,
          infiniplex_staircase_pool, serial_bayou_shore_a
Lair:5:   wormcave, layout_misc_corridors, lemuel_oklob_altar
Shoals:1: layout_shoals
Shoals:2: layout_shoals, nicolae_shoals_kraken_intersection
Shoals:3: layout_shoals, nicolae_shoals_drake_roost, uniq_ilsuiw,
          uniq_polyphemus
Shoals:4: shoals_end_simple, layout_shoals, serial_shops, shop_fountains,
          nicolae_shop_peninsula, nicolae_shop_pleasant_corner_grove,
          nicolae_shop_industrial_runoff,
          nicolae_shoals_lost_giant_amphitheater, nicolae_shoals_cliffside_cave,
          nicolae_shop_unique_rings, uniq_nikola
Snake:1:  layout_cave_shapes, portal_ice_cave_entry_pillars_2,
          hangedman_snake_wide_pillar_pass
Snake:2:  layout_onion_interference, basic_altar, nicolae_zig_zag_zippers,
          serial_bayou_shore_b
Snake:3:  layout_concentric_octagons, ebering_ghost_disaster_area,
          grunt_ministairs_14
Snake:4:  snake_pit, layout_rooms, uniq_roxanne
Orc:1:    layout_caves, nicolae_shop_clearance
Orc:2:    pf_orc_diabolical, layout_caves, serial_shops, shop, basic_altar,
          uniq_josephine
Elf:1:    eino_elf_arrival_sip, layout_onion_city, minmay_elf_necromancy,
          nicolae_elf_variegated_diamond, minmay_shop_star, uniq_zenata
Elf:2:    nicolae_elf_blades_crystal_corner, layout_rooms, serial_shops, shop
Vaults:1: biasface_ghost_orc_armoury, v_misc_26, vaults_mumra_hex,
          vaults_mumra_minichess, v_pattern_4, v_alt_pattern_6,
          nicolae_vaults_apartment_1, nicolae_vaults_storage_room_statues,
          st_cells, nicolae_vaults_heart-shaped_vault, layout_vaults_omnigrid,
          uniq_boris, uniq_saint_roka
Vaults:2: nicolae_vaults_offset_grid_hallway_2, grunt_vaults_swirl, v_pattern_3,
          v_misc_1, vaults_dpeg_hooks, hangedman_vaults_river_flow,
          vaults_standard_mumra_enter_the_diamond, nicolae_vaults_tangram_1,
          hangedman_vaults_locks, nicolae_vaults_little_squares_4,
          vaults_dpeg_emergency_exit, nicolae_vaults_double_plus_2,
          serial_library_hellmonk_semicircle, nicolae_vaults_double_plus_2,
          layout_vaults_omnicross
Vaults:3: portal_desolation_entry_nicolae_nacl, nicolae_vaults_mitosis,
          minmay_crypt_entry_simple_walls, nicolae_vaults_closet_pinwheel_4,
          serial_ice_m, vaults_mumra_hexcomb, nicolae_vaults_sealed_display,
          special_room_vaults [special_room_orc], v_misc_1,
          ontoclasm_vaults_fault, vaults_standard_mumra_enter_the_diamond,
          nicolae_vaults_little_ls, layout_vaults_ring
Vaults:4: nicolae_vaults_shipping_containers_4, v_misc_30,
          nicolae_vaults_specimen_jars, v_misc_18, v_misc_31, v_misc_26,
          ontoclasm_vaults_eye, hangedman_vaults_capsules,
          nicolae_vaults_house_2, grunt_vaults_focal,
          layout_vaults_chaotic_city, serial_shops, nicolae_shop_trees,
          uniq_mara
Vaults:5: serial_shops
Depths:1: evilmike_lava_path, layout_cave_shapes, hell_entry,
          kennysheep_another_room, minivault_16,
          nicolae_elyvilon_peaceful_grove, minmay_shoptagon
Depths:2: lemuel_river_lethe, hell_entry, pan_entry
Depths:3: minmay_the_grid_net [minmay_the_grid_doors, minmay_the_grid_square_x,
          minmay_the_grid_rooms, minmay_the_grid_small_cups,
          minmay_the_grid_box_x, minmay_the_grid_prize_inner_circle],
          layout_gridlike, hell_entry, abyss_entry, minmay_misc_feat_enclosed,
          uniq_norris, uniq_xtahua
Depths:4: evilmike_zot_entry_diamond, layout_cave_pools, kennysheep_crisscross,
          grunt_hell_horde, drop_trap, minmay_misc_feat_pillars
Zot:1:    grunt_twist_and_shout, layout_cathedral_of_symmetry, uniq_vv
Zot:2:    layout_gridlike, regret_index_zotdec_serpentine_scales
Zot:3:    layout_misc_corridors, hangedman_zot_decor_unnerving_road,
          grunt_megastairs_3
Zot:4:    lemuel_halls_of_wrath, layout_misc_corridors, bh_zot_lava_cross
Zot:5:    layout_misc_corridors

Skill      XL: |  1  2  3  4  5  6  7  8  9 10 11 12 13 14 15 16 17 18 19 20 21 22 23 24 25 26 |
---------------+-------------------------------------------------------------------------------+-----
Maces & Flails | 4 5 6 7 9 11 12 16 19 22 | 22.0
Fighting       | 5 6 7 9 11 15 19 22 23 25 26 27 | 27.0
Dodging        | 4 7 10 12 14 15 16 17 18 | 18.9
Spellcasting   | 7 10 11 12 14 | 14.0
Summonings     | 7 11 | 11.2
Fire Magic     | 3 6 12 16 19 21 | 21.8
Conjurations   | 4 6 8 12 | 12.4
Armour         | 6 |  6.1

Action                     |  1- 3 |  4- 6 |  7- 9 | 10-12 | 13-15 | 16-18 | 19-21 | 22-24 | 25-27 || total
---------------------------+-------+-------+-------+-------+-------+-------+-------+-------+-------++-------
  Melee: Mace              |    97 |   121 |       |       |       |       |       |       |       ||   218
         Headbutt          |    13 |    20 |    29 |   196 |   574 |   248 |   320 |   343 |   208 ||  1951
         Punch             |     1 |     1 |     2 |     8 |    32 |       |       |       |       ||    44
         Flail             |       |    18 |    93 |       |       |       |       |       |       ||   111
         Whip              |       |       |    60 |   698 |  1789 |   100 |       |       |       ||  2647
         Giant spiked club |       |       |       |       |       |   899 |  1144 |  1112 |   527 ||  3682
  Throw: Dart              |     4 |    12 |    22 |    18 |     5 |     3 |       |       |       ||    64
         Boomerang         |       |       |       |       |       |     1 |       |       |       ||     1
   Cast: Call Imp          |       |       |       |       |       |       |    24 |       |       ||    24
         Summon Blazeheart |       |       |       |       |       |       |    22 |     5 |       ||    27
         Fireball          |       |       |       |       |       |       |    16 |    63 |    15 ||    94
         Ignition          |       |       |       |       |       |       |       |    35 |    16 ||    51
 Invoke: Call Merchant     |       |       |       |     1 |     1 |     1 |     3 |       |       ||     6
         Potion Petition   |       |       |       |       |     1 |     1 |     2 |       |     1 ||     5
         Bribe Branch      |       |       |       |       |       |       |       |     1 |     2 ||     3
  Evoke: Wand              |       |       |       |     3 |     4 |       |       |       |       ||     7
    Use: Potion            |     1 |     1 |       |     1 |     2 |     4 |     4 |     2 |     7 ||    22
         Scroll            |       |     6 |     8 |     9 |    17 |    12 |     7 |     5 |     7 ||    71
   Stab: Sleeping          |     2 |     1 |     1 |       |     3 |     3 |     3 |     2 |     3 ||    18
         Distracted        |       |       |       |     7 |    12 |    11 |    20 |    13 |     6 ||    69
 Armour: Robe              |    54 |   107 |    96 |   326 |   687 |   127 |       |       |       ||  1397
         Animal skin       |       |       |       |       |       |   370 |   527 |   586 |   344 ||  1827
  Dodge: Dodged            |    48 |    96 |    63 |   231 |   935 |  1034 |   942 |   883 |   485 ||  4717
